 Dungeon Crawl Stone Soup version 0.31-a0-1-g4198be8af4 (webtiles) character file.

Game seed: 4262564859002387105

15146 Jase the Nimble (level 12, -6/95 HPs)
             Began as a Djinni Gladiator on May 2, 2023.
             Was an Elder of Dithmenos.
             Mangled by a komodo dragon (22 damage)
             ... on level 1 of the Lair of Beasts on May 3, 2023.
             The game lasted 00:51:39 (10871 turns).

Jase the Nimble (Djinni Gladiator)                 Turns: 10871, Time: 00:51:40

Health: -6/95      AC: 12    Str: 20    XL:     12   Next: 54%
Gold:   833        EV: 19    Int: 14    God:    Dithmenos [****..] SH:  9 Dex: 16

rFire   + + .        a - +3 long sword
rCold   x . .        G - +3 warlock's mirror {omnireflect}
rNeg    . . .        y - +3 leather armour of Dramatic Exits {Str+7 Slay+3}
rPois   ∞            c - +0 helmet
rElec   .            (no cloak)
rCorr   .            r - +0 pair of gloves
SInv    .            (boots unavailable)
Will    ++...        E - amulet of regeneration
Stlth   +++++        f - +4 ring of protection
HPRegen 1.15/turn    k - ring of willpower
MPRegen 0.00/turn

%: reflection, infuse magic (-7 HP)
@: flying, wreathed by umbra, studying 3 skills
A: sickness immunity, fire resistance 2, cold vulnerability 1, float, innate
caster, HP casting, extra vitality 1
a: Renounce Religion, Shadow Step


You were on level 1 of the Lair of Beasts.
You worshipped Dithmenos.
Dithmenos was greatly pleased with you.
You visited 3 branches of the dungeon, and saw 12 of its levels.
You also visited: Bailey.

You collected 893 gold pieces.
You spent 60 gold pieces at shops.

Inventory:

Hand Weapons
 a - a +3 long sword (weapon)
 b - a +2 dagger of freezing
Missiles
 d - 5 throwing nets
 e - 5 javelins
 s - 15 poisoned darts
Armour
 c - a +0 helmet (worn)
 r - a +0 pair of gloves (worn)
 y - the +3 leather armour of Dramatic Exits (worn) {Str+7 Slay+3}
   (You found it on level 4 of the Dungeon)

   Str:       It affects your strength (+7).
   Slay:      It affects your accuracy & damage with ranged weapons and melee
   (+3).
 G - the +3 warlock's mirror (worn) {omnireflect}
   (You acquired it on level 8 of the Dungeon)

   Omnireflect: It can block and reflect piercing ranged attacks and magical
   attacks against the wielder's willpower.
Jewellery
 f - a +4 ring of protection (left hand)
 k - a ring of willpower (right hand)
 t - a ring of wizardry
 E - an amulet of regeneration (around neck)
Wands
 j - a wand of flame (7)
 B - a wand of roots (6)
 F - a wand of charming (7)
Scrolls
 h - a scroll of silence
 i - a scroll of torment
 l - a scroll of enchant weapon {unknown}
 m - a scroll of fog {unknown}
 o - a scroll of butterflies {unknown}
 v - 2 scrolls of magic mapping
 A - 4 scrolls of teleportation
 D - a scroll of fear {unknown}
 H - a scroll of enchant armour {unknown}
Potions
 g - 3 potions of berserk rage
 n - 2 potions of might
 p - 2 potions of brilliance
 q - 9 potions of curing
 w - a potion of mutation
 x - 2 potions of attraction
 C - a potion of ambrosia


   Skills:
 + Level 12.2 Fighting
 + Level 8.5 Long Blades
 - Level 1.5 Throwing
 + Level 13.5 Dodging
 + Level 6.9 Stealth
 + Level 5.5 Shields
 + Level 6.5 Spellcasting
 - Level 3.0 Invocations


You knew the following spells:

 Your Spells              Type           Power      Damage    Failure   Level
a - Slow                  Hex            92%        N/A       1%          1
b - Lesser Beckoning      Tloc           46%        N/A       2%          2
c - Passwall              Tmut/Erth      19%        N/A       2%          2
d - Inner Flame           Hex/Fire       23%        N/A       4%          3
e - Summon Ice Beast      Ice/Summ       23%        N/A       14%         4
Your spell library was empty.

Dungeon Overview and Level Annotations

Branches:
Dungeon (10/15)            Temple (1/1) D:4            Lair (1/5) D:9
 Bailey (visited)
    Orc: D:9-12

Altars:
Ashenzari
Cheibriados
Dithmenos
Elyvilon
Fedhas
Gozag
Hepliaklqana
Makhleb
Nemelex Xobeh
Okawaru
Qazlal
Ru
Trog
Uskayaw
Wu Jian
Xom
Yredelemnul
Zin
The Shining One

Shops:
D:2 ?

Annotations:
D:4 1 runed translucent door, Crazy Yiuf
D:7 2 transporters


Innate Abilities, Weirdness & Mutations

You are immune to sickness and miasma.
You are immune to poison.
Your flesh is very heat resistant. (rF++)
You are vulnerable to cold. (rC-)
You float through the air rather than walking.
You learn spells naturally, not from books.
Your magical power is your life essence.
You have superior vitality. (+4 MHP)


Message History

You hit the death yak.
The death yak is lightly wounded.
The death yak gores you!!
* * * LOW HITPOINT WARNING * * *
You hit the death yak.
The death yak is lightly wounded.
Your shadow barely misses the death yak.
The death yak completely misses you.
You slash the death yak!
The death yak is moderately wounded.
The death yak gores you.
* * * LOW HITPOINT WARNING * * *
You hit the death yak.
The death yak is moderately wounded.
The death yak gores you!!
* * * LOW HITPOINT WARNING * * *
Unknown command.
Blink to where?
Press: ? - help, Dir - move target
As you read the scroll of blinking, it crumbles to dust.
Okay, then.
Okay, then.
Unknown command.
A komodo dragon comes into view.
The komodo dragon hisses angrily.
You block the komodo dragon's attack.
The komodo dragon attacks as you move away!
The komodo dragon bites you! The komodo dragon bites you!
* * * LOW HITPOINT WARNING * * *
The komodo dragon attacks as you move away!
The komodo dragon completely misses you.
The komodo dragon attacks as you move away!
The komodo dragon bites you!
* * * LOW HITPOINT WARNING * * *
The komodo dragon attacks as you move away!
You block the komodo dragon's attack.
The komodo dragon attacks as you move away!
The komodo dragon bites you!!
You die...

....## ##.......##.....
.....##
#.......###.....
......## ###.Y....##
##.... .......##
##...Y...## #....
#.......## ##....Y..##
##...
##.......#####..Y.....#
##..
##.........#.......###
#.. ####.....#....l..##
#.. #...........@.##
##.. ###.........##.#
#.Y. #..........###
##.. ##........## #..
###.........## #..
#............## #..
##.............## #..
###...............# #..
#........###......##
..Y


You could see 4 death yaks and a komodo dragon.

Vanquished Creatures
  A centaur warrior (D:9)
  A two-headed ogre (D:10)
  2 death yaks (Lair:1)
  A wizard (D:9)
  A deep elf pyromancer (D:10)
  A gargoyle (D:10)
  A cane toad (Lair:1)
  Maggie (D:7)
  2 komodo dragons (D:9)
  5 trolls
  Prince Ribbit (D:9)
  8 wyverns
  A wraith (D:10)
  8 yaks (D:10)
  A basilisk (Lair:1)
  Grum (D:9)
  A steam dragon (D:8)
  An acid dragon (D:9)
  2 water moccasins
  A black bear (D:6)
  7 orc warriors
  3 ice beasts
  A sky beast (D:8)
  2 centaurs
  10 wolves
  3 ogres
  A kobold brigand (D:6)
  4 bullfrogs
  3 gnoll sergeants
  A scorpion (D:4)
  13 wights
  5 killer bees
  6 howler monkeys
  A crimson imp (D:9)
  3 hounds
  5 gnoll boudas
  2 jellies (D:5)
  A sleepcap (D:8)
  8 orc priests
  9 orc wizards
  5 iguanas
  29 gnolls
  11 adders
  A white imp (D:8)
  3 dart slugs
  49 orcs
  4 bats
  3 endoplasms
  9 giant cockroaches
  13 goblins
  9 hobgoblins
  6 jackals
  10 kobolds
  4 quokkas
  2 ball pythons
  7 frilled lizards
  6 rats
300 creatures vanquished.

Vanquished Creatures (collateral kills)
  An orc warrior (D:10)
  A howler monkey (D:10)
  2 orcs (D:9)
4 creatures vanquished.

Vanquished Creatures (others)
  Erolcha (D:9)
  2 fungi (D:4)
  5 toadstools (D:5)
8 creatures vanquished.

Grand Total: 312 creatures vanquished

Notes
Turn   | Place    | Note
-------+----------+-------------------------------------------
     0 | D:1      | Jase the Djinni Gladiator began the quest for the Orb.
     0 | D:1      | Reached XP level 1. HP: 18/18 MP: 0/0
   120 | D:1      | Reached XP level 2. HP: 23/23 MP: 0/0
   250 | D:1      | Reached XP level 3. HP: 28/28 MP: 0/0
   250 | D:1      | Learned a level 1 spell: Slow
  1001 | D:2      | Reached skill level 1 in Spellcasting
  1001 | D:2      | Reached XP level 4. HP: 34/34 MP: 0/0
  1123 | D:2      | Found Foit's Magic Scroll Emporium.
  1134 | D:2      | Bought a scroll of identify for 20 gold pieces
  1137 | D:2      | Bought a scroll of identify for 20 gold pieces
  1137 | D:2      | Bought a scroll of identify for 20 gold pieces
  1482 | D:3      | Identified a scroll of acquirement
  1483 | D:3      | Acquired a manual of Dodging
  1498 | D:3      | Found a bloodstained altar of Trog.
  1589 | D:3      | Reached skill level 4 in Dodging
  1764 | D:3      | Identified the +9 sling of Dim Light {freeze, rF- Str-5
                  | Int+8 SInv}
  1925 | D:3      | Reached XP level 5. HP: 40/40 MP: 0/0
  1925 | D:3      | Learned a level 2 spell: Lesser Beckoning
  2240 | D:4      | Reached XP level 6. HP: 30/46 MP: 0/0
  2365 | D:4      | Acquired a manual of Fighting
  2405 | D:4      | Reached skill level 5 in Dodging
  2764 | D:4      | Identified the +3 leather armour of Dramatic Exits {Str+7
                  | Slay+3}
  2895 | D:4      | Reached XP level 7. HP: 46/52 MP: 0/0
  2895 | D:4      | Learned a level 2 spell: Passwall
  3118 | D:4      | Found a staircase to the Ecumenical Temple.
  3178 | Temple   | Entered the Ecumenical Temple
  3406 | D:4      | Found a runed translucent door.
  3407 | D:4      | Noticed Crazy Yiuf
  3815 | D:5      | Entered Level 5 of the Dungeon
  3866 | D:4      | Reached skill level 6 in Dodging
  3956 | D:5      | Reached skill level 5 in Fighting
  4001 | D:5      | Found a broken altar of Ashenzari.
  4350 | Temple   | Became a worshipper of Dithmenos the Shadowed
  4944 | D:6      | Reached XP level 8. HP: 60/60 MP: 0/0
  5080 | D:6      | Reached skill level 7 in Dodging
  5115 | D:6      | Reached skill level 1 in Stealth
  5473 | D:6      | Reached skill level 5 in Long Blades
  5656 | D:6      | Reached skill level 8 in Dodging
  5764 | D:6      | Reached XP level 9. HP: 68/68 MP: 0/0
  5764 | D:6      | Learned a level 3 spell: Inner Flame
  5787 | D:6      | Found a hazy altar of Hepliaklqana.
  6273 | D:7      | Reached * piety under Dithmenos
  6341 | D:7      | Noticed Maggie
  6440 | D:7      | Reached skill level 9 in Dodging
  6536 | D:7      | Killed Maggie
  6644 | D:7      | Noticed a brown ugly thing
  6677 | D:7      | Found a transporter.
  6677 | D:7      | Noticed a boulder beetle
  6704 | D:7      | Found a transporter.
  6832 | D:7      | Reached XP level 10. HP: 61/77 MP: 0/0
  7262 | D:8      | Reached skill level 10 in Dodging
  7307 | D:7      | Reached ** piety under Dithmenos
  7401 | D:8      | Found a flagged portal.
  7414 | Bailey   | Entered a bailey
  7985 | D:8      | Reached skill level 5 in Spellcasting
  8277 | D:9      | Noticed Erolcha
  8301 | D:9      | Noticed a centaur warrior
  8302 | D:9      | Killed Erolcha
  8303 | D:9      | Reached skill level 11 in Dodging
  8303 | D:9      | Reached skill level 5 in Stealth
  8379 | D:9      | Found a hide-covered altar of Uskayaw.
  8403 | D:9      | Reached skill level 10 in Fighting
  8420 | D:9      | Noticed Prince Ribbit
  8433 | D:9      | Reached *** piety under Dithmenos
  8449 | D:9      | Killed a centaur warrior
  8450 | D:9      | Reached skill level 1 in Invocations
  8450 | D:9      | Reached XP level 11. HP: 68/85 MP: 0/0
  8450 | D:9      | Learned a level 4 spell: Summon Ice Beast
  8486 | D:9      | Killed Prince Ribbit
  8558 | D:9      | Noticed Grum
  8571 | D:9      | Killed Grum
  8681 | D:9      | Noticed a wizard
  8706 | D:9      | Killed a wizard
  8707 | D:9      | Reached skill level 12 in Dodging
  8747 | D:8      | Acquired the +3 warlock's mirror {omnireflect}
  8747 | D:8      | Found the +3 warlock's mirror {omnireflect}
  8760 | D:8      | Acquired a manual of Fighting
  8762 | D:8      | Acquired a manual of Shields
  8889 | D:9      | Found a stormy altar of Qazlal.
  8904 | D:9      | Found a glowing golden altar of the Shining One.
  8904 | D:9      | Found a glowing silver altar of Zin.
  8905 | D:9      | Found a snail-covered altar of Cheibriados.
  8980 | D:9      | Found a burning altar of Makhleb.
  9089 | D:9      | Reached skill level 1 in Shields
  9150 | D:9      | Found a staircase to the Lair.
  9299 | D:10     | Entered Level 10 of the Dungeon
  9442 | D:10     | Reached **** piety under Dithmenos
  9487 | D:10     | Found an iron altar of Okawaru.
  9671 | D:10     | Noticed a two-headed ogre
  9686 | D:10     | Killed a two-headed ogre
  9706 | D:10     | Reached XP level 12. HP: 85/94 MP: 0/0
  9890 | D:10     | Found a basalt altar of Yredelemnul.
  9916 | D:10     | Reached skill level 13 in Dodging
 10318 | Lair:1   | Entered Level 1 of the Lair of Beasts
 10434 | Lair:1   | Reached skill level 5 in Shields
 10770 | Lair:1   | Noticed a death yak
 10771 | Lair:1   | Noticed a death yak
 10771 | Lair:1   | Noticed a death yak
 10772 | Lair:1   | Noticed a death yak
 10772 | Lair:1   | Noticed a death yak
 10772 | Lair:1   | Noticed a death yak
 10804 | Lair:1   | Killed a death yak
 10820 | Lair:1   | Killed a death yak
 10871 | Lair:1   | Mangled by a komodo dragon

Illustrated notes

Levels and vault maps discovered:
D:1:      matt_arrival_refuge, layout_rooms
D:2:      layout_basic, serial_shops, shop_fountains
D:3:      layout_basic, trog_butcher_becter
D:4:      layout_layer_cave, minmay_temple_entry_enclosed_plants,
          uniq_crazy_yiuf_cottage
D:5:      layout_rooms, lemuel_crystal_altar, hex_intersection,
          hangedman_decor_opposing, minmay_gold_behind_fungi
D:6:      layout_cave_pools, mainiacjoe_overflow_24_doors, dk_noncrumbling_3
D:7:      gammafunk_the_bubble [the_bubble_gammafunk_plus_minus], layout_basic,
          uniq_maggie
D:8:      layout_cave_pools, enter_bailey_3
D:9:      layout_cave_pools, grunt_temple_overflow_lords_of_destruction,
          eat_drink_and_be_merry_uskayaw,
          chequers_temple_overflow_statue_of_worship, erik_lair_dragon,
          serial_column_ruins, column_ruins_circle_small,
          column_ruins_courtyard_long, column_ruins_open_small_water,
          column_ruins_grid_3, column_ruins_corridor_straight,
          column_ruins_open_tiny, uniq_prince_ribbit1, uniq_grum, uniq_erolcha
D:10:     minmay_slanted_spiral_squares, layout_cave_pools,
          mainiacjoe_overflow_paths, mainiacjoe_overflow_brackets
Temple:   hellmonk_temple_micro_hex
Lair:1:   layout_hall_layers

Skill      XL: |  1  2  3  4  5  6  7  8  9 10 11 12 |
---------------+-------------------------------------+-----
Long Blades    | 3 4 5 6 7 8 |  8.5
Spellcasting   | 1 2 3 4 5 6 |  6.5
Dodging        | 4 5 6 8 9 11 12 13 | 13.5
Fighting       | 3 4 5 7 8 10 11 12 | 12.2
Stealth        | 2 3 5 6 |  6.9
Invocations    | 1 3 |  3.0
Shields        | 3 5 |  5.5
Throwing       | |  1.5

Action                     |  1- 3 |  4- 6 |  7- 9 | 10-12 || total
---------------------------+-------+-------+-------+-------++-------
  Melee: Long sword        |    84 |   176 |   409 |   650 ||  1319
         Punch             |       |     3 |    10 |     4 ||    17
         Dagger            |       |       |     3 |    17 ||    20
   Cast: Slow              |     2 |     1 |     3 |     2 ||     8
         Lesser Beckoning  |       |       |     8 |    18 ||    26
         Inner Flame       |       |       |     1 |     1 ||     2
         Summon Ice Beast  |       |       |       |     4 ||     4
    Use: Scroll            |       |    10 |     1 |    15 ||    26
         Potion            |       |       |       |     1 ||     1
   Stab: Sleeping          |       |     2 |     1 |    11 ||    14
         Distracted        |       |       |       |     2 ||     2
         Petrified         |       |       |       |     2 ||     2
         Petrifying        |       |       |       |     1 ||     1
 Armour: Leather armour    |    41 |    51 |   147 |   153 ||   392
  Dodge: Dodged            |    74 |   128 |   332 |   624 ||  1158
  Block: Buckler           |       |       |       |   143 ||   143
         Reflection        |       |       |       |     8 ||     8

Table legend: (Time is in decaauts)
 A = Elapsed time spent in this place.
 B = Non-inter-level travel time spent in this place.
 C = Inter-level travel time spent in this place.
 D = Time resting spent in this place.
 E = Time spent auto-exploring this place.
 F = Levels seen in this place.
 G = Mean time per level.
                   A        B        C        D        E       F      G
               +--------+--------+--------+--------+--------+-----+--------+
         Total |  11022 |  10448 |    574 |    904 |   5941 |  13 |  847.8 |
       Dungeon |  10049 |   9476 |    573 |    864 |   5632 |  10 | 1004.9 |
        Temple |     13 |     12 |      1 |      0 |      0 |   1 |   13.0 |
          Lair |    552 |    552 |      0 |      7 |    307 |   1 |  552.0 |
        Bailey |    406 |    406 |      0 |     33 |      2 |   1 |  406.0 |
               +--------+--------+--------+--------+--------+-----+--------+

Top non-repeatable levels by time:
     D:4: 2066 daAuts
     D:7: 1064 daAuts
     D:6: 1057 daAuts
     D:9: 1038 daAuts
     D:5: 963 daAuts
    D:10: 940 daAuts
     D:3: 858 daAuts
     D:2: 843 daAuts
     D:8: 669 daAuts
  Lair:1: 552 daAuts
     D:1: 547 daAuts
  Bailey: 406 daAuts
  Temple: 13 daAuts
